 Dungeon Crawl Stone Soup version 0.23-a0-625-g1d2cd9b (webtiles) character file.

9 Firecrotchwizard the Sneak (level 2, 0/15 HPs)
             Began as a Vine Stalker Assassin on Dec 24, 2018.
             Slain by a jackal (1 damage)
             ... on level 1 of the Dungeon.
             The game lasted 00:00:25 (183 turns).

Firecrotchwizard the Sneak (Vine Stalker Assassin)   Turns: 183, Time: 00:00:26

Health: 0/15       AC:  3    Str: 13    XL:     2   Next: 16%
Magic:  0/3        EV: 11    Int: 11    God:
Gold:   23         SH:  0    Dex: 15    Spells: 1/1 levels left

rFire    . . .     SeeInvis .   a - +2 dagger
rCold    . . .     Gourm    .   (no shield)
rNeg     . . .     Faith    .   c - +0 robe
rPois    .         Spirit   +   (no helmet)
rElec    .         Reflect  .   d - +0 cloak
rCorr    .         Harm     .   (no gloves)
MR       .....                  (no boots)
Stlth    +++.......             (no amulet)
HPRegen  0.05/turn              (no ring)
MPRegen  0.08/turn              (no ring)

@: no status effects
A: fangs 2, magic shield, antimagic bite, no potion heal 3, rot immunity
a: no special abilities


You were on level 1 of the Dungeon.
You were not hungry.

You visited 1 branch of the dungeon, and saw 1 of its levels.

You collected 23 gold pieces.

Inventory:

Hand Weapons
 a - a +2 dagger (weapon)
 b - a +0 blowgun
Missiles
 e - 8 poisoned needles
 f - 2 curare-tipped needles
Armour
 c - a +0 robe (worn)
 d - a +0 cloak (worn)
Scrolls
 j - 2 scrolls of remove curse {unknown}
Potions
 h - a potion of curing {unknown}
Comestibles
 g - 2 rations
 i - 3 chunks of flesh {@w0}


   Skills:
 + Level 2.0 Fighting
 * Level 2.2 Short Blades
 - Level 1.7 Throwing
 - Level 0.7 Dodging
 + Level 5.0 Stealth


You had one spell level left.
You didn't know any spells.
Your spell library was empty.

Dungeon Overview and Level Annotations

Branches:
Dungeon (1/15)

Altars:

Portals:
Abyss: D:1***


Innate Abilities, Weirdness & Mutations

You have extremely sharp teeth.
When hurt, damage is shared between your health and your magic reserves.
Your bite disrupts and absorbs the magic of your enemies.
Potions cannot restore your health.
You are immune to rotting.


Message History

The helpless kobold fails to defend itself.
You impale the kobold!!
You kill the kobold!
No target in view!
Things that are here:
a +0 short sword; a kobold corpse You now have 23 gold pieces (gained 14).
g - 2 rations (gained 1)
Found a stone staircase leading down.
You open the door.
There is an open door here.
You open the door.
There is an open door here.
You open the door.
A giant cockroach comes into view.
There is an open door here.
The helpless giant cockroach fails to defend itself.
You impale the giant cockroach!!
You kill the giant cockroach!
Your Short Blades skill increases to level 2!
No target in view!
As you open the door, it creaks loudly!
There is an open door here.
Found a stone staircase leading down.
A kobold comes into view.
The kobold shouts!
You hear a bark!
A bat comes into view.
A jackal comes into view.
The kobold barely misses you.
You closely miss the kobold. The kobold closely misses you.
You closely miss the kobold. Your bite misses the kobold.
The kobold barely misses you.
You closely miss the kobold. Your bite misses the kobold.
The kobold misses you.
You miss the kobold. The kobold closely misses you.
You closely miss the kobold. The kobold misses you.
You hit the kobold. You bite the kobold.
You kill the kobold!
The bat hits you.
You now have 1/2 mp.
You hit the bat.
You kill the bat!
The jackal bites you but does no damage.
You hit the jackal. Your bite misses the jackal. The jackal bites you.
You take 1 damage, and have 10/11 hp.
You hit the jackal.
You kill the jackal!
Your Stealth skill increases to level 5!
You have reached level 2!
You regained 4 hp, and now have 14/15 hp.
You start resting.
A jackal comes into view.
A jackal is nearby!
A jackal is nearby!
You see here a bat corpse.
The jackal barks!
You hear a bark! x2
A jackal comes into view.
Health restored: 15 You hit the jackal.
Your bite misses the jackal. The jackal bites you.
You take 2 damage, and have 13/15 hp.
You now have 0/3 mp.
You closely miss the jackal. Your bite misses the jackal.
The jackal closely misses you. The jackal bites you.
The jackal barely misses you.
You take 1 damage, and have 12/15 hp.
You completely miss the jackal. The jackal bites you.
The jackal barely misses you.
You take 1 damage, and have 11/15 hp.
You closely miss the jackal. The jackal barely misses you.
The jackal completely misses you.
You closely miss the jackal. The jackal closely misses you.
The jackal bites you. x2
You take 3 damage, and have 8/15 hp.
The jackal bites you.
You take 2 damage, and have 6/15 hp.
The jackal barely misses you.
You see here a bat corpse.
You hit the jackal.
You kill the jackal!
Your Fighting skill increases to level 2!
A jackal comes into view.
The jackal misses you. The jackal closely misses you.
Things that are here:
a jackal corpse; a bat corpse You barely miss the jackal.
Your bite misses the jackal.
The jackal bites you but does no damage.
You barely miss the jackal. The jackal bites you.
You take 1 damage, and have 5/15 hp.
You hit the jackal but do no damage. Your bite misses the jackal.
The jackal closely misses you.
You closely miss the jackal. You bite the jackal, but do no damage.
The jackal bites you.
* * * LOW HITPOINT WARNING * * *
You take 2 damage, and have 3/15 hp.
You hit the jackal.
You kill the jackal!
The jackal closely misses you.
You barely miss the jackal. The jackal bites you.
* * * LOW HITPOINT WARNING * * *
You take 2 damage, and have 1/15 hp.
You hit the jackal. The jackal bites you.
You die...

#......#......#.#.....
#......#......#.#.....
#......#......#.######
#......#......#.#
#..>...#........
#.............
#.#.##........
#.#########+ #@# #h##
#..# ##.# #........
....#.... .#..## ..
###..# #...


You could see a jackal.

Vanquished Creatures
  A giant cockroach (D:1)
  A hobgoblin (D:1)
  3 jackals (D:1)
  2 kobolds (D:1)
  A bat (D:1)
8 creatures vanquished.

Notes
Turn   | Place    | Note
-------+----------+-------------------------------------------
     0 | D:1      | Firecrotchwizard the Vine Stalker Assassin began the quest
                  | for the Orb.
     0 | D:1      | Reached XP level 1. HP: 11/11 MP: 2/2
   130 | D:1      | Reached skill level 2 in Short Blades
   159 | D:1      | Reached skill level 5 in Stealth
   159 | D:1      | Reached XP level 2. HP: 14/15 MP: 1/3
   175 | D:1      | Reached skill level 2 in Fighting
   180 | D:1      | HP: 3/15 [jackal (2)]
   182 | D:1      | HP: 1/15 [jackal (2)]
   183 | D:1      | Slain by a jackal

Vault maps used:
D:1:      minmay_arrival_glassed_features, minmay_hexomino_p4

Skill      XL: |  1  2 |
---------------+-------+-----
Short Blades   | 2 |  2.2
Stealth        | 5 |  5.0
Fighting       | 2 |  2.0
Throwing       | |  1.7
Dodging        | |  0.7

Action                   || total
-------------------------++-------
Melee: Dagger            ||    28
       Bite              ||     4
 Stab: Sleeping          ||     2
Armor: Robe              ||     2
Dodge: Dodged            ||    19

Table legend:
 A = Non-vault XP
 B = Vault XP
 C = Vault XP percentage of total XP
 D = Non-vault monster count
 E = Vault monster count
 F = Vault count percentage of total count
                 A         B        C        D         E       F
            +---------+---------+-------+---------+---------+-------
      Total |      14 |       0 |   0.0 |       8 |       0 |   0.0
            +---------+---------+-------+---------+---------+-------
        D:1 |      14 |       0 |   0.0 |       8 |       0 |   0.0
            +---------+---------+-------+---------+---------+-------

Vault maps used:
D:1:      minmay_arrival_glassed_features, minmay_hexomino_p4

Table legend:
 A = Turns spent in this place as a percentage of turns spent in the entire game.
 B = Non-inter-level travel turns spent in this place as a percentage of non-inter-level travel turns spent in the entire game.
 C = Inter-level travel turns spent in this place as a percentage of turns spent in this place.
 D = Turns resting spent in this place as a percentage of non-inter-level travel turns spent in this place.
 E = Turns spent auto-exploring this place as a percentage of non-inter-level travel turns spent in this place.
 F = Non-inter-level travel turns spent in this place divided by the number of levels of this place that you've seen.
                   A       B       C       D       E      F
               +-------+-------+-------+-------+-------+----------------------
         Total | 100.0 | 100.0 |   0.0 |   1.1 |  68.3 | 183.0
       Dungeon | 100.0 | 100.0 |   0.0 |   1.1 |  68.3 | 183.0
               +-------+-------+-------+-------+-------+----------------------

Table legend:
 A = Kills in this place as a percentage of kills in entire the game.
 B = Kills by you in this place as a percentage of kills by you in the entire game.
 C = Kills by friends in this place as a percentage of kills by friends in the entire game.
 D = Other kills in this place as a percentage of other kills in the entire game.
 E = Experience gained in this place as a percentage of experience gained in the entire game.
 F = Experience gained in this place divided by the number of levels of this place that you have seen.
                   A       B       C       D       E      F
               +-------+-------+-------+-------+-------+----------------------
         Total | 100.0 | 100.0 |   N/A |   N/A | 100.0 |  14.0
       Dungeon | 100.0 | 100.0 |   N/A |   N/A | 100.0 |  14.0
               +-------+-------+-------+-------+-------+----------------------
